 Dungeon Crawl Stone Soup version 0.31-a0-851-g7ff8af7976 (webtiles) character file.

Game seed: 7773017656843766300

11 Kurtz the Sneak (level 2, -1/28 HPs)
             Began as a Naga Delver on Oct 7, 2023.
             Slain by an orc
             ... wielding a +0 flail
              (2 damage)
             ... on level 4 of the Dungeon.
             The game lasted 00:00:13 (34 turns).

Kurtz the Sneak (Naga Delver)                         Turns: 34, Time: 00:00:14

Health: -1/28      AC:  2    Str: 14    XL:     2   Next: 29%
Magic:  2/2        EV:  9    Int: 10    God:
Gold:   0          SH:  0    Dex: 12    Spells: 1/1 levels left

rFire   . . .        a - +0 hand axe
rCold   . . .        (no shield)
rNeg    . . .        b - +0 leather armour
rPois   +            (no helmet)
rElec   .            (no cloak)
rCorr   .            (no gloves)
SInv    +            (no barding)
Will    .....        (no amulet)
Stlth   +++          (no ring)
HPRegen 0.24/turn    (no ring)
MPRegen 0.08/turn

%: no passive effects
@: lethally poisoned (-1 -> -4), very slow
A: AC +0, large, see invisible, deformed body, poison resistance, slowness 2,
spit poison 1, naga tail 1
a: Spit Poison


You were on level 4 of the Dungeon.
You visited 1 branch of the dungeon, and saw 2 of its levels.

Inventory:

Hand Weapons
 a - a +0 hand axe (weapon)
Armour
 b - a +0 leather armour (worn)
Wands
 g - a wand of digging (3)
Scrolls
 c - a scroll of fog
 d - a scroll of revelation
 e - a scroll of fear
Potions
 f - a potion of haste


   Skills:
 - Level 3.0 Fighting
 * Level 2.9 Axes
 - Level 1.5 Dodging
 - Level 7.2 Stealth


You had one spell level left.
You didn't know any spells.
Your spell library was empty.

Dungeon Overview and Level Annotations

Branches:
Dungeon (5/15)
 Temple: D:4-7

Altars:


Innate Abilities, Weirdness & Mutations

Your serpentine skin is tough. (AC +0)
You have supernaturally acute eyesight. (SInv)
Armour fits poorly on your strangely shaped body.
Your system is resistant to poisons. (rPois)
You cover ground very slowly.
You can spit poison.
You have a snake-like lower body.


Message History

The adder bites you.
You barely miss the adder. The adder bites you but does no damage.
You hit the adder.
The adder is moderately wounded.
The adder bites you. The adder barely misses you.
You closely miss the adder.
The adder is moderately wounded.
The adder closely misses you.
You miss the adder.
The adder is moderately wounded.
The adder barely misses you. The adder bites you.
You hit the adder.
The adder is severely wounded.
The adder bites you but does no damage.
You barely miss the adder.
The adder is severely wounded.
The adder bites you but does no damage. The adder bites you.
You hit the adder but do no damage.
The adder is severely wounded.
The adder closely misses you.
You hit the adder.
The adder is almost dead.
The adder bites you but does no damage. The adder bites you.
* * * LOW HITPOINT WARNING * * *
You are lethally poisoned!
The adder poisons you!
You hit the adder.
You kill the adder!
* * * LOW HITPOINT WARNING * * *
You feel sick.
You have reached level 2!
You barely miss the orc.
* * * LOW HITPOINT WARNING * * *
You feel sick. The orc closely misses you.
Unknown command.
Okay, then.
You closely miss the orc.
* * * LOW HITPOINT WARNING * * *
You feel sick. The orc hits you with a +0 flail.
You die...

. #### .. ...#...
....... ####
.....#
#..##.....#
###..o@#
##.##.###
#..#..## .#
#......###.#
#.......#..#
#....#.#...#
##........J# ##
###.......##.#...
##..............l


You could see an orc.

Vanquished Creatures
  An adder (D:4)
  An orc (D:4)
2 creatures vanquished.

Notes
Turn   | Place    | Note
-------+----------+-------------------------------------------
     0 | D:5      | Kurtz the Naga Delver began the quest for the Orb.
     0 | D:5      | Reached XP level 1. HP: 21/21 MP: 1/1
     2 | D:4      | Noticed a scorpion
    10 | D:4      | Noticed an iguana
    32 | D:4      | HP: 1/21 [poisoned by an adder]
    33 | D:4      | Reached XP level 2. HP: 2/28 MP: 2/2
    34 | D:4      | Slain by an orc

Illustrated notes

Levels and vault maps discovered:
D:4:      layout_cave_pools, minmay_temple_entry_junction, uniq_edmund,
          uniq_blork_the_orc
D:5:      layout_cave_pods, mainiacjoe_overflow_cross_hatched,
          serial_column_ruins, column_ruins_open_tiny,
          column_ruins_columns_corner, column_ruins_corridor_straight,
          column_ruins_grid_1, column_ruins_grid_1, column_ruins_open_small

Action                     || total
---------------------------++-------
  Melee: Hand axe          ||    13
 Armour: Leather armour    ||    13
  Dodge: Dodged            ||    16

Table legend: (Time is in decaauts)
 A = Elapsed time spent in this place.
 B = Non-inter-level travel time spent in this place.
 C = Inter-level travel time spent in this place.
 D = Time resting spent in this place.
 E = Time spent auto-exploring this place.
 F = Levels seen in this place.
 G = Mean time per level.
                   A        B        C        D        E       F      G
               +--------+--------+--------+--------+--------+-----+--------+
         Total |     44 |     44 |      0 |      0 |      0 |   2 |   22.0 |
       Dungeon |     44 |     44 |      0 |      0 |      0 |   2 |   22.0 |
               +--------+--------+--------+--------+--------+-----+--------+

Top non-repeatable levels by time:
     D:4: 41 daAuts
     D:5: 2 daAuts
